 Dungeon Crawl Stone Soup version 0.28-a0-1159-g27aa881441 (webtiles) character file.

Game seed: 12238485083108586793

42772 ChaosChampion the Eclecticist (level 13, -9/63 HPs)
             Began as a Deep Elf Conjurer on Dec 15, 2021.
             Was a High Priest of Sif Muna.
             Killed by an exploding ball lightning (17 damage)
             ... on level 13 of the Dungeon.
             The game lasted 00:55:49 (20617 turns).

ChaosChampion the Eclecticist (Deep Elf Conjurer)  Turns: 20617, Time: 00:55:50

Health: -9/63      AC: 14    Str:  4    XL:     13   Next: 87%
Magic:  42/47      EV: 11    Int: 29    God:    Sif Muna [*****.]
Gold:   1651       SH:  9    Dex: 13    Spells: 25/50 levels left

rFire   . . .      SeeInvis .   b - staff of conjuration
rCold   + + .      Faith    .   O - +0 kite shield {rC+}
rNeg    . . .      Spirit   .   g - +3 troll leather armour {Snorg}
rPois   +          Reflect  .   D - +2 hat
rElec   .          Harm     .   M - +1 cloak {rC+}
rCorr   .          Rampage  .   r - +0 pair of gloves
Will    +++..                   y - +1 pair of boots
Stlth   ++........              h - amulet of regeneration
HPRegen 1.80/turn               F - ring of magical power
MPRegen 0.30/turn               t - ring of willpower

@: studying Summonings
A: strong-willed 1, sense surroundings 1, poison resistance
a: Renounce Religion, Channel Magic, Forget Spell, Divine Exegesis


You were on level 13 of the Dungeon.
You worshipped Sif Muna.
Sif Muna was extremely pleased with you.
You visited 2 branches of the dungeon, and saw 14 of its levels.
You also visited: Bailey and Ice Cave.

You collected 1651 gold pieces.

Inventory:

Missiles
 f - 103 poisoned darts (quivered)
 k - 3 throwing nets
Armour
 a - a +0 robe of willpower
 g - a +3 troll leather armour (worn) {Snorg}
 q - a +2 buckler
 r - a +0 pair of gloves (worn)
 y - a +1 pair of boots (worn)
 C - +0 acid dragon scales
 D - a +2 hat (worn)
 J - +0 ice dragon scales
 M - a +1 cloak of cold resistance (worn)
 O - a +0 kite shield of cold resistance (worn)
Magical Staves
 b - a staff of conjuration (weapon)
Jewellery
 h - an amulet of regeneration (around neck)
 t - a ring of willpower (right hand)
 v - a ring of ice
 w - a ring of positive energy
 E - a +6 ring of intelligence
 F - a ring of magical power (left hand)
 I - a ring of protection from cold
Wands
 H - a wand of acid (4)
Scrolls
 c - 2 scrolls of amnesia {unknown}
 d - 4 scrolls of magic mapping
 j - a scroll of blinking
 l - 3 scrolls of fog
 n - 3 scrolls of enchant weapon
 A - 3 scrolls of fear
 K - 2 scrolls of teleportation
 L - a scroll of identify
 N - a scroll of enchant armour
Potions
 e - 7 potions of curing
 i - 4 potions of haste
 m - 4 potions of heal wounds
 o - 2 potions of cancellation
 p - 2 potions of might
 s - a potion of brilliance {unknown}
 u - 2 potions of invisibility
 x - a potion of berserk rage
 z - 2 potions of flight
 B - 2 potions of attraction {unknown}
 G - 2 potions of magic


   Skills:
 - Level 6.0 Dodging
 - Level 2.4 Stealth
 * Level 4.9 Shields
 + Level 19.3 Spellcasting
 + Level 16.3 Conjurations
 - Level 6.0 Translocations
 * Level 3.2 Ice Magic
 * Level 3.0 Air Magic
 - Level 6.0 Earth Magic
 - Level 4.0 Invocations


You had 25 spell levels left.
You knew the following spells:

 Your Spells              Type           Power      Damage    Failure   Level
a - Magic Dart            Conj           100%       1d8       0%          1
b - Stone Arrow           Conj/Erth      100%       3d13      1%          3
c - Freezing Cloud        Conj/Ice/Air   41%        6-21      12%         5
d - Iskenderun's Mystic   Conj/Tloc      96%        2d19      1%          4
e - Conjure Ball Lightni  Conj/Air       45%        3x3d16    26%         6
p - Searing Ray           Conj           100%       2d8       1%          2
x - Passwall              Tmut/Erth      37%        N/A       4%          2
z - Blink                 Tloc           100%       N/A       1%          2

Your spell library contained the following spells:

 Spells                   Type           Power      Damage    Failure   Level
 Sandblast                Erth           100%       2d20      1%          1
 Static Discharge         Conj/Air       91%        N/A       1%          2
 Dazzling Flash           Conj/Hex       100%       N/A       1%          3
 Mephitic Cloud           Conj/Pois/Air  78%        N/A       1%          3
 Fulminant Prism          Conj/Hex       42%        3d20      3%          4
 Corpse Rot               Necr/Air       72%        N/A       8%          2
 Ozocubu's Armour         Ice            47%        N/A       8%          3
 Swiftness                Air            45%        N/A       9%          3
 Manifold Assault         Tloc           58%        N/A       22%         5
 Ozocubu's Refrigeration  Ice            23%        4d9       100%        7
 Storm Form               Tmut/Air       18%        N/A       100%        7
 Chain Lightning          Conj/Air       45%        3d60      100%        9


Dungeon Overview and Level Annotations

Branches:
Dungeon (13/15)            Temple (1/1) D:6            Lair (0/6) D:10
    Orc (0/2) D:12         Bailey (visited)           IceCv (visited)
 Vaults: D:13-14

Altars:
Ashenzari
Cheibriados
Dithmenos
Elyvilon
Fedhas
Gozag
Hepliaklqana
Kikubaaqudgha
Makhleb
Nemelex Xobeh
Okawaru
Qazlal
Ru
Sif Muna
Trog
Uskayaw
Vehumet
Wu Jian
Xom
Yredelemnul
Zin
The Shining One
Beogh

Shops:
D:1 [

Annotations:
D:7 2 transporters, exclusion: downstairs
D:8 1 runed translucent door, exclusion: door, Stonecrops's ghost, novice DsGl
D:13 Jorgrun


Innate Abilities, Weirdness & Mutations

You are strong-willed. (Will+)
You passively map a small area around you.
Your system is resistant to poisons. (rPois)


Message History

Jorgrun mutters some incantations to himself.
Casting: Iskenderun's Mystic Blast (dangerous; 1% risk of failure)
Confirm with . or Enter, or press ? or * to list all spells.
Aiming: Magic Dart (safe; 0% risk of failure)
Press: ? - help, Shift-Dir - straight line, f - Jorgrun
Aim: Jorgrun, wielding a +0 vorpal quarterstaff and wearing a +0 robe (100% to hit)
You feel a surge of power!
The magic dart hits Jorgrun!
Jorgrun is lightly wounded.
Press: ? - help, v - describe, . - travel The floor.
Jorgrun casts a spell at you.
Roots burst forth from the earth!
The grasping roots grab you! The grasping roots constrict you!
There is a stone staircase leading up, spattered with blood here.
Casting: Magic Dart (safe; 0% risk of failure)
Confirm with . or Enter, or press ? or * to list all spells.
The spell is quite dangerous to miscast (26% risk of failure)!
Continue anyway?
You feel a surge of power!
You create some ball lightning! 3 ball lightnings come into view.
The grasping roots constrict you!
The roots' grasp on you weakens, but your attempt to escape fails.
The grasping roots constrict you!
You escape the roots' grasp.
Your ball lightning explodes!
The blast of lightning engulfs your ball lightning.
Your ball lightning completely resists.
The blast of lightning engulfs your ball lightning.
Your ball lightning completely resists.
The blast of lightning engulfs Jorgrun!!
Jorgrun is moderately wounded.
The blast of lightning engulfs you!!
* * * LOW HITPOINT WARNING * * *
Your ball lightning explodes!
The blast of lightning engulfs your ball lightning.
Your ball lightning completely resists.
The blast of lightning engulfs Jorgrun!!!
Jorgrun is severely wounded.
The blast of lightning engulfs you!
You die...

#########...)..# .,
#...........).)# ..
#..##'###+###.)#
..#########..#........#..########
#............#........#..†.......
#............#........#..........
#....<.[.....##########..........
#....J..........>...^............
#...........g...@................
#............*.<.................
#....W......#############.....###
.....g......###.#####....##.##...
####........#.#...##..####...####
...#........##.##..........#... ,
...#........###(#...####..###..#
...#........# ##.##........# ....
...########.# ##.#...####... ###


You could see Jorgrun (ally target) and a friendly ball lightning.

Vanquished Creatures
  Gastronok (D:9)
  A reaper (IceCv)
  Nessos (D:13)
  The ghost of Asabatre the Cleaver, a journeyman MiBe of Trog (D:12)
  Snorg (D:10)
  Erolcha (D:13)
  4 hydras
  Erica (D:10)
  2 centaur warriors
  An ice dragon (D:12)
  6 two-headed ogres
  6 slime creatures
  The ghost of GenialerGandalf the Cleaver, a novice HOFi (D:6)
  Nergalle (D:10)
  Pikel (D:5)
  3 orc knights (Bailey)
  An ugly thing (D:12)
  3 cyclopes
  3 manticores
  Joseph (D:7)
  2 gargoyles
  2 ice statues (IceCv)
  A rime drake (D:12)
  Maggie (D:7)
  3 kobold demonologists
  7 ice devils (IceCv)
  4 anaconda simulacra (IceCv)
  8 trolls
  An entropy weaver simulacrum (IceCv)
  4 polar bears
  Prince Ribbit (D:5)
  4 centaur simulacra (D:10)
  A spriggan (shapeshifter) (D:12)
  A shadow (D:10)
  2 wyverns
  14 yaks
  2 wraiths (D:11)
  3 dire elephant simulacra (IceCv)
  A vampire (D:7)
  A death yak simulacrum (IceCv)
  3 steam dragons (D:9)
  Grum (D:9)
  3 vampire mosquitoes
  2 harpy simulacra (IceCv)
  5 water moccasins
  An ice beast (D:8)
  A black bear (D:4)
  27 orc warriors
  A sky beast (D:6)
  A necrophage (D:7)
  2 ogres
  A lemure (D:5)
  A phantom (D:6)
  15 centaurs
  7 wolves
  7 kobold brigands
  2 gnoll sergeants (D:6)
  3 scorpions
  2 bullfrogs
  A water moccasin zombie (D:6)
  11 killer bees
  6 electric eels
  6 howler monkeys
  3 centaur zombies
  9 hounds
  7 orc priests
  A bullfrog skeleton (D:5)
  2 centaur skeletons
  A gnoll shaman (D:6)
  4 iguanas
  16 orc wizards
  A killer bee zombie (D:7)
  A hound skeleton (D:4)
  A mummy (D:10)
  A howler monkey skeleton (D:4)
  9 adders
  8 gnolls
  A naga simulacrum (IceCv)
  A shadow imp (D:8)
  7 white imps
  2 ufetubi
  3 worms
  2 dart slugs
  70 orcs
  4 bats
  8 endoplasms
  6 giant cockroaches
  6 hobgoblins
  3 jackals
  32 kobolds
  3 quokkas
  11 ball pythons
  8 frilled lizards
  11 goblins
  5 rats
459 creatures vanquished.

Vanquished Creatures (others)
  3 ball lightnings (D:13)
  4 fungi (D:8)
  72 plants
79 creatures vanquished.

Grand Total: 538 creatures vanquished

Notes
Turn   | Place    | Note
-------+----------+-------------------------------------------
     0 | D:1      | ChaosChampion the Deep Elf Conjurer began the quest for the
                  | Orb.
     0 | D:1      | Reached XP level 1. HP: 10/10 MP: 6/6
   218 | D:1      | Reached XP level 2. HP: 15/15 MP: 1/8
   221 | D:1      | Learned a level 2 spell: Searing Ray
   425 | D:1      | Found Pusa's Armour Shoppe.
   432 | D:1      | Reached skill level 4 in Spellcasting
   881 | D:1      | Reached XP level 3. HP: 19/19 MP: 6/10
  1179 | D:2      | Reached skill level 5 in Spellcasting
  1220 | D:2      | Reached skill level 5 in Conjurations
  1288 | D:2      | Reached XP level 4. HP: 21/24 MP: 3/13
  1943 | D:3      | Reached skill level 6 in Spellcasting
  1943 | D:3      | Reached XP level 5. HP: 28/28 MP: 8/15
  2257 | D:3      | Found an ornate altar of the Wu Jian Council.
  2368 | D:3      | Found a sacrificial altar of Ru.
  3014 | D:4      | Noticed a black bear
  3019 | D:4      | Killed a black bear
  3020 | D:4      | Reached skill level 7 in Spellcasting
  3020 | D:4      | Reached XP level 6. HP: 32/32 MP: 7/18
  3024 | D:4      | Learned a level 3 spell: Stone Arrow
  3027 | D:4      | Learned a level 2 spell: Blink
  3032 | D:4      | Learned a level 4 spell: Iskenderun's Mystic Blast
  3981 | D:4      | Reached skill level 1 in Translocations
  4167 | D:5      | Entered Level 5 of the Dungeon
  4188 | D:5      | Noticed a water moccasin
  4193 | D:5      | Killed a water moccasin
  4194 | D:5      | Reached skill level 1 in Earth Magic
  4202 | D:5      | Found a shimmering altar of Xom.
  4206 | D:5      | Reached XP level 7. HP: 15/36 MP: 1/20
  4594 | D:5      | Noticed Prince Ribbit
  4599 | D:5      | Killed Prince Ribbit
  4600 | D:5      | Reached skill level 8 in Spellcasting
  4789 | D:5      | Noticed Pikel
  4830 | D:5      | Killed Pikel
  4831 | D:5      | Reached XP level 8. HP: 41/41 MP: 1/22
  5146 | D:5      | Learned a level 2 spell: Passwall
  5216 | D:5      | Reached skill level 5 in Translocations
  5216 | D:5      | Reached skill level 5 in Earth Magic
  5765 | D:6      | Found a transporter.
  5774 | D:6      | Reached skill level 9 in Spellcasting
  5913 | D:6      | Found a transporter.
  5914 | D:6      | Noticed GenialerGandalf's ghost (novice HOFi)
  6154 | D:6      | Reached XP level 9. HP: 35/45 MP: 17/24
  6324 | D:6      | Reached skill level 10 in Spellcasting
  6479 | D:6      | Killed GenialerGandalf's ghost
  6640 | D:6      | Found a snail-covered altar of Cheibriados.
  6687 | D:6      | Reached skill level 11 in Spellcasting
  6907 | D:6      | Found a staircase to the Ecumenical Temple.
  6932 | Temple   | Entered the Ecumenical Temple
  7239 | D:6      | Found a runed translucent door.
  7274 | D:6      | Found a shimmering blue altar of Sif Muna.
  7274 | D:6      | Found an iron altar of Okawaru.
  7299 | D:6      | Found a basalt altar of Yredelemnul.
  7302 | D:6      | Found a glowing golden altar of the Shining One.
  7309 | D:6      | Noticed a profane servitor
  7327 | D:6      | Found a shimmering blue altar of Sif Muna.
  7665 | D:6      | Noticed an angel
  7815 | D:7      | Noticed Joseph
  8319 | D:6      | Reached skill level 12 in Spellcasting
  8319 | D:6      | Reached XP level 10. HP: 50/50 MP: 19/28
  8325 | D:6      | Became a worshipper of Sif Muna the Loreminder
  8537 | D:7      | Reached skill level 10 in Conjurations
  8760 | D:7      | Killed Joseph
  8955 | D:7      | Noticed Maggie
  8959 | D:7      | Killed Maggie
  9233 | D:7      | Found a hazy altar of Hepliaklqana.
  9233 | D:7      | Found a bloodstained altar of Trog.
  9238 | D:7      | Found a transporter.
  9238 | D:7      | Noticed a cyclops
  9238 | D:7      | Noticed a deep elf pyromancer
  9252 | D:7      | Found a transporter.
  9372 | D:7      | Found an opulent altar of Gozag.
  9627 | D:8      | Reached skill level 13 in Spellcasting
  9707 | D:8      | Gained mutation: You are partially covered in iridescent
                  | scales. (AC +2) [potion of mutation]
  9707 | D:8      | Gained mutation: You are clumsy. (Dex -2) [potion of
                  | mutation]
  9707 | D:8      | Lost mutation: You are clumsy. (Dex -2) [potion of
                  | mutation]
 10084 | D:8      | Reached * piety under Sif Muna
 10086 | D:8      | Found a runed translucent door.
 10087 | D:8      | Identified the +7 spear "Hydra's Bane" {holy, rC- Will+
                  | Dex+4}
 10088 | D:8      | Noticed Stonecrops's ghost (novice DsGl)
 10110 | D:8      | Noticed a cyclops
 10293 | D:8      | Killed a cyclops
 10862 | D:8      | Reached skill level 14 in Spellcasting
 11199 | D:9      | Reached XP level 11. HP: 54/54 MP: 10/31
 11322 | D:9      | Reached ** piety under Sif Muna
 11854 | D:9      | Noticed a soul eater
 12146 | D:9      | Noticed a two-headed ogre
 12159 | D:9      | Killed a two-headed ogre
 12160 | D:9      | Reached skill level 15 in Spellcasting
 12172 | D:9      | Noticed Grum
 12177 | D:9      | Killed Grum
 12313 | D:9      | Found a radiant altar of Vehumet.
 12314 | D:9      | Noticed Gastronok
 12389 | D:9      | Killed Gastronok
 12783 | D:10     | Entered Level 10 of the Dungeon
 12838 | D:10     | Found a flagged portal.
 12847 | Bailey   | Entered a bailey
 12970 | Bailey   | Reached *** piety under Sif Muna
 13243 | Bailey   | Lost mutation: You are partially covered in iridescent
                  | scales. (AC +2) [potion of mutation]
 13243 | Bailey   | Gained mutation: You are covered in fur. (AC +1) [potion of
                  | mutation]
 13244 | Bailey   | Lost mutation: You are covered in fur. (AC +1) [potion of
                  | mutation]
 13244 | Bailey   | Gained mutation: You are strong-willed. (Will+) [potion of
                  | mutation]
 13244 | Bailey   | Gained mutation: Your system is resistant to poisons.
                  | (rPois) [potion of mutation]
 13244 | Bailey   | Gained mutation: You passively map a small area around you.
                  | [potion of mutation]
 13249 | Bailey   | Noticed an orc knight
 13253 | Bailey   | Reached skill level 16 in Spellcasting
 13254 | Bailey   | Noticed an orc knight
 13260 | Bailey   | Killed an orc knight
 13371 | Bailey   | Killed an orc knight
 13527 | Bailey   | Noticed an orc knight
 13550 | Bailey   | Killed an orc knight
 13734 | Bailey   | Acquired a staff of conjuration
 13831 | D:10     | Noticed a two-headed ogre
 13838 | D:10     | Killed a two-headed ogre
 13999 | D:10     | Identified the +1 robe "Casomnef" {-Tele +Inv Dex+4}
 14019 | D:10     | Reached XP level 12. HP: 58/59 MP: 24/34
 14166 | D:10     | Reached **** piety under Sif Muna
 14172 | D:10     | Noticed Nergalle
 14180 | D:10     | Killed Nergalle
 14181 | D:10     | Reached skill level 17 in Spellcasting
 14183 | D:10     | Noticed Snorg
 14364 | D:10     | Noticed Erica
 14368 | D:10     | Killed Erica
 14857 | D:10     | Killed Snorg
 15059 | D:10     | Found a staircase to the Lair.
 15270 | D:10     | Found a snail-covered altar of Cheibriados.
 15441 | D:11     | Reached skill level 15 in Conjurations
 15739 | D:11     | Reached skill level 18 in Spellcasting
 15812 | D:11     | Noticed a two-headed ogre
 15821 | D:11     | Killed a two-headed ogre
 15993 | D:11     | Noticed a two-headed ogre
 15999 | D:11     | Killed a two-headed ogre
 16184 | D:11     | Acquired 733 gold pieces
 16202 | D:11     | Noticed a two-headed ogre
 16209 | D:11     | Killed a two-headed ogre
 16724 | D:12     | Noticed a six-headed hydra
 16731 | D:12     | Reached ***** piety under Sif Muna
 16733 | D:12     | Killed a six-headed hydra
 16734 | D:12     | Reached skill level 1 in Shields
 16738 | D:12     | Reached skill level 1 in Invocations
 16885 | D:12     | Found a frozen archway.
 16887 | D:12     | Noticed an ice dragon
 16919 | D:11     | HP: 1/59 [polar bear (3)]
 17111 | D:12     | Killed an ice dragon
 17112 | D:12     | Reached XP level 13. HP: 56/63 MP: 29/37
 17134 | IceCv    | Entered an ice cave
 17697 | IceCv    | Received a gift from Sif Muna
 17700 | IceCv    | Got Teacyoce's Disquisition on the Birds {god gift}
 17715 | IceCv    | Learned a level 5 spell: Freezing Cloud
 17722 | IceCv    | Learned a level 6 spell: Conjure Ball Lightning
 17826 | IceCv    | Reached skill level 5 in Dodging
 18277 | IceCv    | Noticed a reaper
 18286 | IceCv    | Killed a reaper
 18287 | IceCv    | Reached skill level 19 in Spellcasting
 18820 | D:12     | Found a staircase to the Orcish Mines.
 19345 | D:13     | Noticed Nessos
 19349 | D:13     | HP: 1/63 [Nessos/arrow (8)]
 19480 | D:13     | Killed Nessos
 19481 | D:13     | Reached skill level 1 in Ice Magic
 19481 | D:13     | Reached skill level 1 in Air Magic
 19728 | D:13     | Noticed Erolcha
 19739 | D:13     | Killed Erolcha
 19879 | D:13     | Found a runed translucent gate.
 19880 | D:13     | Found a runed translucent gate.
 19881 | D:13     | Found a runed translucent gate.
 19882 | D:13     | Noticed Asabatre's ghost (journeyman MiBe)
 19929 | D:13     | Noticed Jorgrun
 20514 | D:12     | Killed Asabatre's ghost
 20617 | D:13     | Killed by an exploding ball lightning

Illustrated notes

Levels and vault maps discovered:
D:1:      lightli_iron_boxes, layout_basic, serial_shops,
          nicolae_shop_waterfront, serial_bayou_pond_e, minmay_pentomino_p2
D:2:      layout_rooms
D:3:      layout_rooms, nicolae_wu_jian_immortal_techniques,
          nicolae_ru_the_path_less_chosen, dk_noncrumbling_4
D:4:      minmay_wonky_spiral, layout_layer_cave
D:5:      layout_rooms, mainiacjoe_overflow_concentric_impassable, serial_glass,
          glass_columns_b, glass_columns_c, feat_on_display,
          due_unseen_surprise, minmay_strange_pillars, feat_on_display,
          minmay_misc_feat_columns, uniq_pikel, uniq_prince_ribbit1
D:6:      layout_cave_pools, grunt_temple_overflow_holy_war,
          gammafunk_temple_overflow_wave, temple_doors_cd, serial_column_ruins,
          column_ruins_hut, column_ruins_columns_corner, column_ruins_grid_2,
          column_ruins_open_small, column_ruins_corridor_straight,
          column_ruins_columns_straight, gammafunk_ghost_gnarly_gnolls,
          hangedman_feature_mirror, lightli_church_of_beogh
D:7:      layout_cave_pools, gammafunk_temple_overflow_arena,
          mainiacjoe_overflow_surrounded_room, chequers_serial_rivers_micro_d,
          uniq_joseph, uniq_maggie
D:8:      layout_rooms, ebering_ghost_funeral_grove
D:9:      layout_cave_pools, vehumet_crystals, kennysheep_generic_room_16,
          uniq_gastronok, uniq_grum
D:10:     layout_long_grid, slow_altar_2, erik_lair_island, enter_bailey_3,
          serial_ice, serial_ice_d, serial_ice_j, serial_ice_o, serial_ice_g,
          minmay_diced_spiral, uniq_erica, uniq_snorg, uniq_nergalle
D:11:     layout_cave_pools, serial_bayou, serial_bayou_lagoon_a,
          serial_bayou_shore_b, serial_bayou_pond_b, serial_bayou_pond_e
D:12:     layout_rooms, orc_0_dummy, portal_ice_cave_entry_animals_and_master
D:13:     wad_crossroads, layout_irregular_city, gammafunk_ghost_hydra_chop,
          serial_shops, nicolae_shop_behind_doors, uniq_jorgrun, uniq_nessos,
          uniq_josephine, uniq_erolcha
Temple:   zaba_magenta_temple

Skill      XL: |  1  2  3  4  5  6  7  8  9 10 11 12 13 |
---------------+----------------------------------------+-----
Spellcasting   | 4 5 6 7 8 9 12 14 16 18 19 | 19.3
Conjurations   | 5 6 7 9 12 14 15 16 | 16.3
Translocations | 2 4 6 |  6.0
Earth Magic    | 2 4 6 |  6.0
Dodging        | 4 6 |  6.0
Shields        | 1 4 |  4.9
Invocations    | 1 4 |  4.0
Ice Magic      | 3 |  3.2
Air Magic      | 3 |  3.0
Stealth        | |  2.4

Action                   |  1- 3 |  4- 6 |  7- 9 | 10-12 | 13-15 || total
-------------------------+-------+-------+-------+-------+-------++-------
Melee: Unarmed           |       |       |     3 |       |       ||     3
       Staff             |       |       |       |     4 |     2 ||     6
Throw: Dart              |       |       |     1 |       |       ||     1
 Cast: Magic Dart        |    67 |    78 |    43 |   152 |    39 ||   379
       Searing Ray       |     4 |    13 |       |       |       ||    17
       Stone Arrow       |       |    17 |    83 |   241 |   125 ||   466
       Iskenderun's Myst |       |     1 |    33 |   108 |    69 ||   211
       Passwall          |       |       |     2 |       |       ||     2
       Conjure Ball Ligh |       |       |       |       |     2 ||     2
  Use: Scroll            |       |     8 |     5 |     8 |     1 ||    22
       Potion            |       |       |     3 |     5 |     2 ||    10
Armor: Robe              |       |     1 |     5 |    13 |       ||    19
       Skin              |       |       |       |     1 |       ||     1
       Troll leather arm |       |       |       |    19 |    25 ||    44
       Acid dragon scale |       |       |       |     5 |       ||     5
Dodge: Dodged            |     4 |     6 |    33 |    61 |    25 ||   129
Block: Buckler           |       |       |     1 |    37 |     4 ||    42
       Kite shield       |       |       |       |       |    29 ||    29

Table legend: (Time is in decaauts)
 A = Elapsed time spent in this place.
 B = Non-inter-level travel time spent in this place.
 C = Inter-level travel time spent in this place.
 D = Time resting spent in this place.
 E = Time spent auto-exploring this place.
 F = Levels seen in this place.
 G = Mean time per level.
                   A        B        C        D        E       F      G
               +--------+--------+--------+--------+--------+-----+--------+
         Total |  20682 |  20476 |    206 |   6256 |   9750 |  16 | 1292.6 |
       Dungeon |  18358 |  18152 |    206 |   4930 |   9560 |  13 | 1412.2 |
        Temple |     96 |     96 |      0 |      0 |     50 |   1 |   96.0 |
        Bailey |    893 |    893 |      0 |    589 |     34 |   1 |  893.0 |
      Ice Cave |   1333 |   1333 |      0 |    737 |    106 |   1 | 1333.0 |
               +--------+--------+--------+--------+--------+-----+--------+

Top non-repeatable levels by time:
     D:6: 2154 daAuts
     D:5: 2033 daAuts
     D:4: 1751 daAuts
    D:11: 1714 daAuts
    D:10: 1698 daAuts
    D:12: 1598 daAuts
     D:8: 1544 daAuts
     D:9: 1451 daAuts
   IceCv: 1333 daAuts
     D:7: 1287 daAuts
     D:1: 1057 daAuts
  Bailey: 893 daAuts
     D:3: 853 daAuts
     D:2: 710 daAuts
    D:13: 503 daAuts
